 Dungeon Crawl Stone Soup version 0.23-a0-14-g8c9a20f (webtiles) character file.

281996 Amnesiac the Scorcher (level 19, -1/123 HPs)
             Began as a Mummy Fire Elementalist on Aug 2, 2018.
             Was the Champion of Vehumet.
             Splashed with acid (5 damage)
             ... on level 4 of the Pits of Slime.
             The game lasted 01:41:36 (50467 turns).

Amnesiac the Scorcher (Mummy Fire Elementalist)    Turns: 50467, Time: 01:41:37

Health: -1/123     AC: 14    Str: 11    XL:     19   Next: 72%
Magic:  0/47       EV: 12    Int: 26    God:    Vehumet [******]
Gold:   1076       SH:  7    Dex: 13    Spells: 17/49 levels left

rFire    . . .     SeeInvis +   a - staff of conjuration
rCold    . . .     Gourm    .   J - +2 buckler {AC+3}
rNeg     + + +     Faith    .   o - +2 robe {Archmagi}
rPois    ∞         Spirit   +   m - +0 mask of the Dragon {MR+ Slay+3 SInv}
rElec    .         Reflect  .   h - +0 cloak
rCorr    .         Harm     .   i - +2 pair of gloves
MR       +++..                  B - +2 pair of boots "Lialip" {rPois Int+4 SInv}
Stlth    ++........             q - amulet of guardian spirit
HPRegen  0.30/turn              l - ring of magical power
MPRegen  0.30/turn              k - ring of fire

@: no status effects
A: no food or potions, fire vulnerability, cold resistance 1, negative energy
resistance 3, torment resistance, unbreathing, in touch with death 1
}: 2/15 runes: barnacled, gossamer
a: Renounce Religion


You were on level 4 of the Pits of Slime.
You worshipped Vehumet.
Vehumet was exalted by your worship.
You were not hungry.

You visited 8 branches of the dungeon, and saw 38 of its levels.

You collected 3367 gold pieces.
You spent 2291 gold pieces at shops.

Inventory:

Hand Weapons
 w - a +5 blowgun
Missiles
 v - 9 curare-tipped needles
Armour
 e - a scarf of spirit shield
 h - a +0 cloak (worn)
 i - a +2 pair of gloves (worn)
 m - the +0 mask of the Dragon (worn) {MR+ Slay+3 SInv}
   (You bought it in a shop on level 10 of the Dungeon)

   It affects your accuracy and damage with ranged weapons and melee attacks
   (+3).
   It affects your resistance to hostile enchantments.
   It lets you see invisible.
 o - a +2 robe of the Archmagi (worn)
 u - the +5 robe of Night {Dark MR+ SInv}
   (You found it on level 8 of the Dungeon)

   It affects your resistance to hostile enchantments.
   It lets you see invisible.
 B - the +2 pair of boots "Lialip" (worn) {rPois Int+4 SInv}
   (You bought it in a shop on level 13 of the Dungeon)

   It affects your intelligence (+4).
   It protects you from poison.
   It lets you see invisible.
 J - a +2 buckler of protection (worn)
Magical Staves
 a - an uncursed staff of conjuration (weapon)
 b - an uncursed staff of cold
 N - an uncursed staff of wizardry
Jewellery
 k - a ring of fire (right hand)
 l - a ring of magical power (left hand)
 q - an amulet of guardian spirit (around neck)
 z - an uncursed ring of flight
 C - an uncursed ring of wizardry
Wands
 p - a wand of iceblast (2)
 r - a wand of clouds (5)
 A - a wand of paralysis (22)
 E - a wand of scattershot (15)
 I - a wand of disintegration (17)
 K - a wand of enslavement (23)
Scrolls
 c - 3 scrolls of teleportation {!r}
 d - 20 scrolls of identify {!r}
 g - 14 scrolls of remove curse {!r}
 n - 5 scrolls of magic mapping {!r}
 s - 5 scrolls of fog {!r}
 y - a scroll of enchant weapon {!r}
Miscellaneous
 f - a lamp of fire
 j - a box of beasts
 F - a phial of floods
 G - a sack of spiders
 O - a lightning rod (4/4)


   Skills:
 - Level 4.0 Fighting
 + Level 2.3 Dodging
 - Level 1.5 Stealth
 - Level 4.0 Shields
 + Level 15.9 Spellcasting
 * Level 15.9 Conjurations
 * Level 15.9 Fire Magic
 * Level 15.9 Ice Magic


You had 17 spell levels left.
You knew the following spells:

 Your Spells              Type           Power        Failure   Level  Hunger
a - Bolt of Fire          Conj/Fire      #########.   1%          6    N/A
b - Ozocubu's Refrigerat  Ice            ########..   1%          6    N/A
c - Sticky Flame          Conj/Fire      ########     1%          4    N/A
d - Bolt of Cold          Conj/Ice       ########..   1%          6    N/A
e - Fireball              Conj/Fire      #########.   1%          5    N/A
s - Conjure Flame         Conj/Fire      ########     0%          3    N/A
v - Blink                 Tloc           N/A          3%          2    N/A

Your spell library contained the following spells:

 Spells                   Type           Power        Failure   Level  Hunger
 Cause Fear               Hex            ####......   26%         4    N/A
 Magic Dart               Conj           ####         0%          1    N/A
 Slow                     Hex            ####....     3%          2    N/A
 Throw Flame              Conj/Fire      ######       0%          2    N/A
 Freezing Cloud           Conj/Ice/Air   ########..   1%          6    N/A
 Mephitic Cloud           Conj/Pois/Air  #######.     1%          3    N/A
 Ring of Flames           Chrm/Fire      #######...   63%         7    N/A
 Bolt of Draining         Conj/Necr      ########..   1%          5    N/A
 Iskenderun's Mystic Bla  Conj           ########     1%          4    N/A
 Vampiric Draining        Necr           #####.....   8%          3    N/A
 Summon Ice Beast         Ice/Summ       #######.     1%          4    N/A
 Call Imp                 Summ           ####....     3%          2    N/A
 Deflect Missiles         Chrm/Air       ####......   98%         6    N/A
 Flame Tongue             Conj/Fire      #####        0%          1    N/A
 Ignite Poison            Fire/Tmut/Pois #######.     1%          3    N/A
 Call Canine Familiar     Summ           ####....     8%          3    N/A
 Summon Butterflies       Summ           ####....     2%          1    N/A
 Silence                  Hex/Air        ####......   56%         5    N/A
 Corona                   Hex            ####...      2%          1    N/A
 Excruciating Wounds      Chrm/Necr      #####.....   56%         5    N/A
 Portal Projectile        Hex/Tloc       ####..       8%          3    N/A
 Leda's Liquefaction      Hex/Erth       ####......   26%         4    N/A
 Summon Hydra             Summ           ####......   100%        7    N/A
 Inner Flame              Hex/Fire       #######.     1%          3    N/A
 Fulminant Prism          Conj/Hex       #######...   1%          4    N/A
 Dazzling Spray           Conj/Hex       ######       1%          3    N/A
 Force Lance              Conj/Tloc      #######.     1%          4    N/A
 Searing Ray              Conj           ######       0%          2    N/A
 Discord                  Hex            ####......   100%        8    N/A
 Summon Mana Viper        Hex/Summ       ####....     56%         5    N/A
 Yara's Violent Unravell  Hex/Tmut       ####......   17%         5    N/A
 Poisonous Vapours        Pois/Air       ####..       3%          2    N/A
 Ignition                 Fire           ########..   7%          8    N/A

Dungeon Overview and Level Annotations

Branches:
Dungeon (15/15)            Temple (1/1) D:6            Lair (6/6) D:10
 Shoals (4/4) Lair:4       Spider (4/4) Lair:4        Slime (5/5) Lair:5
    Orc (2/2) D:9             Elf (1/3) Orc:2        Vaults (0/5) D:13
 Depths: D:15

Altars:
Ashenzari
Cheibriados
Dithmenos
Elyvilon
Fedhas
Gozag
Hepliaklqana
Kikubaaqudgha
Makhleb
Nemelex Xobeh
Okawaru
Qazlal
Ru
Sif Muna
Trog
Uskayaw
Vehumet
Xom
Yredelemnul
Zin
The Shining One
Beogh
Jiyva

Shops:
D:8 [   D:10 [   D:12 *   D:13 [(=}   Orc:2 *((:   Shoals:3 :   Shoals:4 !

Portals:
Hell: Lair:6

Annotations:
D:15 exclusion: fire dragon
Slime:5 Royal Jelly


Innate Abilities, Weirdness & Mutations

You do not eat or drink.
Your flesh is vulnerable to fire.
You are immune to poison.
Your flesh is cold resistant. (rC+)
You are immune to negative energy. (rN+++)
You are immune to unholy pain and torment.
You can survive without breathing.
You are in touch with the powers of death.


Message History

The Royal Jelly spits out five more jellies.
The Royal Jelly jiggles.
Unknown command.
Casting: Bolt of Fire (safe; 1% risk of failure)
Confirm with . or Enter, or press ? or * to list all spells.
Aiming: Bolt of Fire (safe; 1% risk of failure)
Press: ? - help, Shift-Dir - straight line, f/p - Royal Jelly
Aim: the Royal Jelly (almost dead)
You feel a huge surge of power!
The bolt of fire hits the azure jelly.
The azure jelly is burned terribly!
You kill the azure jelly!
That felt strangely unrewarding.
The bolt of fire hits the azure jelly.
The azure jelly is burned terribly!
You kill the azure jelly!
That felt strangely unrewarding.
The bolt of fire hits the azure jelly.
The azure jelly is burned terribly!
The azure jelly is almost dead.
The bolt of fire hits the Royal Jelly.
The Royal Jelly is almost dead.
The Royal Jelly shudders violently.
The Royal Jelly spits out four more jellies.
The acid blob spits acid at you. The splash of acid hits you!
You are splashed with acid!
The acid burns!
The azure jelly jiggles.
The acid blob jiggles.
Unknown command.
The azure jelly hits you but does no damage.
The azure jelly hits you. The azure jelly freezes you!!
You block the azure jelly's attack.
The azure jelly hits you but does no damage.
The acid blob spits acid at you. You block the splash of acid.
The azure jelly misses you.
The azure jelly hits you but does no damage. x2
The azure jelly hits you. The acid blob completely misses you.
You climb upwards.
There is a stone staircase leading down here.
Casting: Bolt of Fire (safe; 1% risk of failure)
Confirm with . or Enter, or press ? or * to list all spells.
Aiming: Bolt of Fire (safe; 1% risk of failure)
Press: ? - help, Shift-Dir - straight line, f - acid blob
Aim: an acid blob (heavily wounded)
You feel a huge surge of power!
The bolt of fire hits the acid blob.
You kill the acid blob!
That felt strangely unrewarding.
The azure jelly hits you. The azure jelly freezes you!!!
* * * LOW HITPOINT WARNING * * *
The azure jelly hits you but does no damage.
The azure jelly hits you.
* * * LOW HITPOINT WARNING * * *
The azure jelly hits you but does no damage.
Unknown command.
Really read
c - 4 scrolls of teleportation {!r}?
As you read the scroll of teleportation {!r}, it crumbles to dust.
You feel strangely unstable. The azure jelly closely misses you.
You block the azure jelly's attack.
The azure jelly hits you but does no damage.
The azure jelly barely misses you.
Your surroundings suddenly seem different.
You are splashed with acid!
The walls burn you!
* * * LOW HITPOINT WARNING * * *
You are splashed with acid!
The walls burn you!
* * * LOW HITPOINT WARNING * * *
Okay, then.
You are splashed with acid!
The wall burns you!
You die...

# ##......##......#..##
##.##......J.........###
#...................##
##.##.............###
###........<......##
#.................#
##...............##
##.........#.#.###
##......#.@.#####
##......###..##
#.....^## #...# #.....##
##.## #...#..# ###
##.##...# ####### ##.##
#.#.## ### .....#


You could see an azure jelly (wandering).

Vanquished Creatures
  Dissolution (Slime:3)
  21 acid blobs
  Gastronok (D:9)
  Kirke (Lair:6)
  The ghost of Zuproetha the Fencer, an adept DsWn of Okawaru (Spider:2)
  Agnes (D:14)
  Polyphemus (Shoals:3)
  The ghost of Pyrghexo the Peltast, an adept MiFi of the Shining One (Spider:3)
  12 azure jellies
  The ghost of Wuyrotz the Deadly Accurate, a journeyman TrFi of Okawaru (Spider:2)
  Ilsuiw (Shoals:1)
  The ghost of Jogeor the Fighter, an adept DsCK of Xom (Spider:2)
  3 ghost moths (Spider:4)
  Louise (Shoals:2)
  3 emperor scorpions
  An entropy weaver (Spider:2)
  The ghost of Ciub Bod the Unseen, a journeyman SpVM of Gozag (Shoals:3)
  2 spark wasps (Spider:4)
  A dire elephant (Lair:6)
  5 merfolk javelineers
  8 merfolk impalers
  A death ooze (Slime:5)
  7 great orbs of eyes
  A vault guard (D:13)
  A rakshasa (D:15)
  11 hydras
  2 catoblepae
  5 merfolk avatars
  4 ogre magi (Orc:2)
  2 satyrs (Shoals:4)
  2 alligator snapping turtles (Shoals:2)
  A merfolk aquamancer (Shoals:4)
  21 two-headed ogres
  4 tengu warriors
  5 death yaks
  Urug (D:13)
  Nergalle (D:12)
  Sonja (D:13)
  3 deep elf knights (Elf:1)
  A fire crab (D:13)
  A sixfirhy (Lair:6)
  2 unseen horrors (D:10)
  10 sea snakes
  A glowing orange brain (Slime:5)
  A wizard (Lair:6)
  2 deep elf archers (Elf:1)
  2 lindwurms (Lair:6)
  17 harpies
  2 orc knights
  5 shining eyes
  4 ugly things
  34 wolf spiders
  14 orb spiders
  3 orc sorcerers (Orc:2)
  5 deep elf magi
  17 elephants
  13 fauns
  6 cyclopes
  12 manticores
  7 merfolk sirens
  A black mamba (shapeshifter) (D:14)
  4 centaur zombies
  Maurice (D:7)
  2 moths of wrath
  4 water nymphs
  A smoke demon (Lair:6)
  A torpor snail (Spider:4)
  4 black mambas
  3 orange demons (Lair:6)
  11 spiny frogs
  A gargoyle (D:11)
  2 eyes of devastation (Slime:5)
  5 rime drakes
  2 kobold demonologists (D:11)
  14 komodo dragons
  A spectral water nymph (Shoals:3)
  A yaktaur (D:13)
  9 demonic crawlers
  3 red devils (Lair:6)
  4 polar bears
  20 merfolk
  30 jumping spiders
  7 trolls
  6 meliai
  4 wind drakes (Shoals:3)
  10 hornets
  7 blink frogs
  8 dream sheep
  120 slime creatures
  6 hippogriffs
  A hippogriff (shapeshifter) (D:13)
  A spectral wind drake (Shoals:3)
  4 snapping turtles
  25 tarantellas
  78 redbacks
  3 spriggans
  6 water elementals
  2 shadows
  26 yaks
  A vampire (D:14)
  A wyvern (Lair:6)
  A yak (shapeshifter) (D:14)
  10 golden eyes
  A wraith (D:11)
  A sea snake simulacrum (Shoals:3)
  2 steam dragons (Shoals:3)
  3 hogs (Lair:6)
  7 basilisks
  Grum (D:8)
  A harpy simulacrum (Shoals:3)
  7 wargs
  2 acid dragons
  19 water moccasins
  4 hell hounds (Lair:6)
  10 porcupines
  19 orc warriors
  A hornet zombie (D:10)
  2 ice beasts
  5 sky beasts
  5 eyes of draining
  4 black bears
  8 necrophages
  3 phantoms
  11 wolves
  A satyr simulacrum (Shoals:3)
  33 ogres
  12 centaurs
  16 crocodiles
  4 big kobolds
  10 bullfrogs
  A water nymph simulacrum (Shoals:3)
  3 scorpions
  6 killer bees (D:11)
  A manticore simulacrum (Shoals:3)
  2 merfolk simulacra (Shoals:3)
  4 wights (D:15)
  5 electric eels
  4 howler monkeys
  8 crimson imps
  A bullfrog zombie (D:11)
  7 hounds
  2 quasits
  6 jellies
  8 orc priests
  4 centaur skeletons
  A bullfrog skeleton (D:8)
  19 orc wizards
  13 iguanas
  11 worker ants
  A killer bee zombie (D:10)
  2 hound zombies (D:7)
  3 hound skeletons
  8 gnolls
  A howler monkey skeleton (D:7)
  6 adders
  5 shadow imps
  3 adder zombies
  2 worms
  2 dart slugs
  6 leopard geckos
  71 orcs
  A ball python (D:4)
  7 bats
  3 giant cockroaches
  5 goblins
  4 hobgoblins
  2 jackals (D:3)
  5 quokkas
  3 frilled lizards
  20 kobolds
  A quokka skeleton (D:7)
  2 rats
  A bush (Lair:5)
  A fungus (Lair:1)
  19 plants
  2 withered plants (D:10)
1235 creatures vanquished.

Vanquished Creatures (others)
  A faun (Shoals:2)
  7 fungi
  34 plants
42 creatures vanquished.

Grand Total: 1277 creatures vanquished

Notes
Turn   | Place    | Note
-------+----------+-------------------------------------------
     0 | D:1      | Amnesiac the Mummy Fire Elementalist began the quest for the Orb.
     0 | D:1      | Reached XP level 1. HP: 13/13 MP: 4/4
   153 | D:2      | Reached skill level 1 in Conjurations
   153 | D:2      | Reached XP level 2. HP: 19/19 MP: 1/5
   379 | D:2      | Reached XP level 3. HP: 24/24 MP: 5/7
   386 | D:2      | Learned a level 3 spell: Conjure Flame
  1044 | D:4      | Noticed an ogre
  1055 | D:4      | Killed an ogre
  1055 | D:4      | Reached XP level 4. HP: 30/30 MP: 0/8
  1055 | D:4      | Reached XP level 5. HP: 35/35 MP: 0/9
  1116 | D:4      | Learned a level 4 spell: Sticky Flame
  1706 | D:4      | Noticed an ogre
  1722 | D:4      | Killed an ogre
  1722 | D:4      | Reached XP level 6. HP: 41/41 MP: 1/11
  1829 | D:5      | Entered Level 5 of the Dungeon
  2191 | D:5      | Identified a scroll of acquirement {!r}
  2594 | D:5      | Reached XP level 7. HP: 46/46 MP: 0/13
  2961 | D:5      | Learned a level 5 spell: Fireball
  3248 | D:6      | Reached skill level 5 in Spellcasting
  3248 | D:6      | Reached skill level 5 in Conjurations
  3248 | D:6      | Reached skill level 5 in Fire Magic
  3329 | D:6      | Found a staircase to the Ecumenical Temple.
  3338 | Temple   | Entered the Ecumenical Temple
  3370 | Temple   | Became a worshipper of Vehumet
  4349 | D:3      | You fall through a shaft for 2 floors!
  4869 | D:6      | Reached XP level 8. HP: 52/52 MP: 9/15
  5005 | D:6      | Reached * piety under Vehumet
  5005 | D:6      | Offered knowledge of Magic Dart by Vehumet.
  5311 | D:6      | Found a shadowy altar of Dithmenos.
  5312 | D:6      | Found a basalt altar of Yredelemnul.
  6172 | D:7      | Reached XP level 9. HP: 50/57 MP: 7/18
  7379 | D:8      | Noticed Maurice
  7651 | D:7      | Killed Maurice
  8626 | D:8      | Noticed a two-headed ogre
  8632 | D:8      | Killed a two-headed ogre
  8727 | D:8      | Found Yhonweci's Antique Armour Emporium.
  8744 | D:8      | Noticed a two-headed ogre
  8750 | D:8      | Killed a two-headed ogre
  8750 | D:8      | Reached XP level 10. HP: 63/63 MP: 5/21
  8776 | D:8      | Learned a level 1 spell: Flame Tongue
  8782 | D:8      | Reached ** piety under Vehumet
  8782 | D:8      | Offered knowledge of Freeze by Vehumet.
  8788 | D:8      | Learned a level 1 spell: Freeze
  8948 | D:8      | Found the +5 robe of Night {Dark MR+ SInv}
  9196 | D:8      | Found a hazy altar of Hepliaklqana.
  9196 | D:8      | Found a bloodstained altar of Trog.
  9209 | D:8      | Noticed Grum
  9278 | D:8      | Killed Grum
  9348 | D:8      | Reached skill level 1 in Ice Magic
  9598 | D:8      | Found a sacrificial altar of Ru.
 10203 | D:9      | Noticed an unseen horror
 10354 | D:9      | Offered knowledge of Ignite Poison by Vehumet.
 10412 | D:9      | Noticed Gastronok
 10946 | D:9      | Reached *** piety under Vehumet
 10981 | D:9      | Found a deep blue altar of Sif Muna.
 11053 | D:9      | Found a staircase to the Orcish Mines.
 11371 | D:9      | Killed Gastronok
 11371 | D:9      | Reached XP level 11. HP: 68/68 MP: 11/24
 11583 | D:10     | Entered Level 10 of the Dungeon
 11593 | D:10     | Found Zifituof's Armour Boutique.
 11659 | D:10     | Found a basalt altar of Yredelemnul.
 11695 | D:10     | Noticed an unseen horror
 11710 | D:10     | Killed an unseen horror
 11734 | D:10     | Offered knowledge of Airstrike by Vehumet.
 11885 | D:10     | Noticed a two-headed ogre
 11888 | D:10     | Killed a two-headed ogre
 12330 | D:10     | Noticed an unseen horror
 12334 | D:10     | Killed an unseen horror
 12820 | D:10     | Found a staircase to the Lair.
 12955 | D:9      | Identified Sif Muna's Disquisition on the Arsonist
 13623 | D:11     | Noticed a tengu warrior
 13626 | D:11     | Noticed a tengu warrior
 13627 | D:11     | Killed a tengu warrior
 13630 | D:11     | Killed a tengu warrior
 13630 | D:11     | Reached skill level 10 in Conjurations
 13630 | D:11     | Reached skill level 10 in Fire Magic
 13702 | D:11     | Reached skill level 10 in Spellcasting
 13742 | D:11     | Reached **** piety under Vehumet
 14134 | D:11     | Noticed a two-headed ogre
 14141 | D:11     | Killed a two-headed ogre
 14141 | D:11     | Reached skill level 5 in Ice Magic
 14153 | D:11     | Got a translucent long sword
 14163 | D:11     | Noticed a two-headed ogre
 14200 | D:11     | Killed a two-headed ogre
 14201 | D:11     | Reached XP level 12. HP: 11/74 MP: 5/26
 14564 | D:11     | Offered knowledge of Iskenderun's Battlesphere by Vehumet.
 15031 | D:11     | Noticed a two-headed ogre
 15035 | D:11     | Killed a two-headed ogre
 15329 | D:11     | Identified the +8 long sword of Discomfort {freeze, +Rage Int-4 Dex+8 SInv} (You found it on level 11 of the Dungeon)
 15358 | D:12     | Noticed a two-headed ogre
 15362 | D:12     | Killed a two-headed ogre
 15362 | D:12     | Reached skill level 1 in Shields
 15364 | D:12     | Noticed a two-headed ogre
 15370 | D:12     | Killed a two-headed ogre
 15730 | D:10     | Bought the +0 mask of the Dragon {MR+ Slay+3 SInv} for 467 gold pieces
 15730 | D:10     | Found the +0 mask of the Dragon {MR+ Slay+3 SInv}
 15987 | D:12     | Found Mikemmec's General Store.
 16021 | D:12     | Noticed Nergalle
 16023 | D:12     | Killed Nergalle
 16133 | D:13     | Found Fant's Jewellery Shop.
 16137 | D:13     | Noticed a two-headed ogre
 16140 | D:13     | Killed a two-headed ogre
 16151 | D:13     | Bought an uncursed ring of magical power for 240 gold pieces
 16376 | D:13     | Noticed Sonja
 16377 | D:13     | Killed Sonja
 16507 | D:13     | Found Sieneine's Weapon Emporium.
 16522 | D:13     | Found Gyeb's Armour Emporium.
 16928 | D:13     | Found a bloodstained altar of Trog.
 16953 | D:13     | Noticed Urug
 16955 | D:13     | Killed Urug
 16980 | D:13     | Found Toecs's Gadget Boutique.
 17221 | D:13     | Found a gate to the Vaults.
 17221 | D:13     | Noticed a vault guard
 17237 | D:13     | Killed a vault guard
 17243 | D:13     | Gained mutation: You are in touch with the powers of death. [Mummy growth]
 17243 | D:13     | Reached XP level 13. HP: 34/79 MP: 14/27
 17650 | D:14     | Reached skill level 10 in Ice Magic
 18059 | D:14     | Noticed Agnes
 18065 | D:14     | Killed Agnes
 18065 | D:14     | Reached ***** piety under Vehumet
 18414 | D:15     | Entered Level 15 of the Dungeon
 18541 | D:15     | Offered knowledge of Spellforged Servitor by Vehumet.
 19097 | D:15     | Found a blossoming altar of Fedhas.
 19514 | D:15     | Noticed a fire dragon
 19695 | Orc:1    | Entered Level 1 of the Orcish Mines
 20444 | Orc:2    | Entered Level 2 of the Orcish Mines
 20722 | Orc:2    | Found a staircase to the Elven Halls.
 21298 | Orc:2    | Reached XP level 14. HP: 85/85 MP: 24/29
 22087 | Orc:2    | Found a roughly hewn altar of Beogh.
 22163 | Orc:2    | Found Qyjaqowa's Assorted Antiques.
 22163 | Orc:2    | Found Potil's Weapon Shoppe.
 22164 | Orc:2    | Found Basmiuh's Antique Weapon Shoppe.
 22164 | Orc:2    | Found Zen Ren's Book Boutique.
 22523 | Elf:1    | Entered Level 1 of the Elven Halls
 22598 | Elf:1    | Found a radiant altar of Vehumet.
 23124 | Lair:1   | Entered Level 1 of the Lair of Beasts
 24479 | D:13     | Bought the +2 pair of boots "Lialip" {rPois Int+4 SInv} for 574 gold pieces
 24516 | D:13     | Bought an uncursed ring of wizardry for 360 gold pieces
 25794 | Lair:3   | Offered knowledge of Ozocubu's Refrigeration by Vehumet.
 25868 | Lair:3   | Learned a level 6 spell: Ozocubu's Refrigeration
 26872 | Lair:4   | Reached XP level 15. HP: 90/90 MP: 29/31
 27028 | Lair:4   | Found a hole to the Spider Nest.
 27187 | Lair:4   | Found a staircase to the Shoals.
 28509 | Lair:5   | Found a staircase to the Slime Pits.
 28541 | Lair:6   | Entered Level 6 of the Lair of Beasts
 28548 | Lair:6   | Noticed Kirke
 28554 | Lair:6   | Killed Kirke
 28712 | Lair:6   | Reached ****** piety under Vehumet
 28872 | Lair:6   | Offered knowledge of Bolt of Cold by Vehumet.
 28887 | Lair:6   | Learned a level 6 spell: Bolt of Cold
 30560 | Lair:6   | Found a burning altar of Makhleb.
 30567 | Lair:6   | Found a gateway to Hell.
 30685 | Spider:1 | Entered Level 1 of the Spider Nest
 31223 | Orc:2    | Bought a book of Minor Magic for 260 gold pieces
 31224 | Orc:2    | Bought a yellowed book for 390 gold pieces
 31227 | Orc:2    | Learned a level 2 spell: Blink
 31527 | Spider:1 | Reached XP level 16. HP: 27/96 MP: 22/33
 33589 | Spider:2 | Offered knowledge of Bolt of Fire by Vehumet.
 33602 | Spider:2 | Learned a level 6 spell: Bolt of Fire
 34317 | Spider:3 | Found a runed gate.
 34577 | Spider:3 | Got a steaming ring mail
 34929 | Spider:3 | Found a runed gate.
 34929 | Spider:3 | Found a runed gate.
 34929 | Spider:3 | Noticed Zuproetha's ghost (adept DsWn)
 34929 | Spider:3 | Noticed Jogeor's ghost (adept DsCK)
 34930 | Spider:3 | Noticed Pyrghexo's ghost (adept MiFi)
 34930 | Spider:3 | Noticed Wuyrotz's ghost (journeyman TrFi)
 35069 | Spider:2 | Killed Zuproetha's ghost
 35104 | Spider:3 | Reached skill level 1 in Fighting
 35189 | Spider:2 | Killed Jogeor's ghost
 35347 | Spider:2 | Killed Wuyrotz's ghost
 35460 | Spider:3 | Got a dazzling glaive
 35473 | Spider:3 | Got a jasper-encrusted leather armour
 35481 | Spider:3 | Killed Pyrghexo's ghost
 35776 | Spider:4 | Entered Level 4 of the Spider Nest
 36846 | Spider:4 | Offered knowledge of Iron Shot by Vehumet.
 36850 | Spider:4 | Reached XP level 17. HP: 108/108 MP: 26/34
 38018 | Spider:4 | Got a gossamer rune of Zot
 38382 | Shoals:1 | Entered Level 1 of the Shoals
 39015 | Shoals:2 | Noticed Ilsuiw
 39242 | Shoals:2 | Noticed Louise
 39246 | Shoals:2 | Killed Louise
 39511 | Shoals:2 | HP: 3/111 [harpy (3)]
 40370 | Shoals:1 | Killed Ilsuiw
 40471 | Shoals:1 | Identified the +2 ring mail of Sovereignty {rElec rN+} (You found it on level 3 of the Spider Nest)
 40473 | Shoals:1 | Identified the +1 glaive "Urghuhil" {flame, rF++ Dex-3 SInv} (You found it on level 3 of the Spider Nest)
 40475 | Shoals:1 | Identified the +4 leather armour of Evolution {+Inv rPois MR++ Dex+2} (You found it on level 3 of the Spider Nest)
 40609 | Shoals:2 | Offered knowledge of Poison Arrow by Vehumet.
 40653 | Shoals:2 | You fall through a shaft!
 41405 | Shoals:3 | Found a runed gate.
 41405 | Shoals:3 | Found a runed gate.
 41406 | Shoals:3 | Found a runed gate.
 41421 | Shoals:3 | Noticed Ciub Bod's ghost (journeyman SpVM)
 41570 | Shoals:3 | Found Byagg's Book Emporium.
 41645 | Shoals:3 | Noticed Polyphemus
 41648 | Shoals:3 | Killed Polyphemus
 42053 | Shoals:3 | Killed Ciub Bod's ghost
 42168 | Shoals:3 | Got a crude brass ring
 42177 | Shoals:3 | Identified the cursed ring "Luevor" {rN+ MR+ Int-5 Dex+2 Stlth+} (You found it on level 3 of the Shoals)
 42220 | Shoals:4 | Entered Level 4 of the Shoals
 42235 | Shoals:4 | Reached XP level 18. HP: 118/118 MP: 32/36
 42562 | Shoals:4 | Found the +8 trident of the Octopus King {venom, rElec rPois MR+}
 42578 | Shoals:4 | Offered knowledge of Conjure Ball Lightning by Vehumet.
 43002 | Shoals:4 | Got an ichor-stained battleaxe {pain}
 43004 | Shoals:4 | Identified the +12 battleaxe "Amiqeng" {pain, Dex+2} (You took it off a merfolk siren on level 4 of the Shoals)
 43369 | Shoals:4 | Got a smoking rapier
 43414 | Shoals:4 | Found Gompyabe's Distillery.
 43582 | Shoals:4 | Got a barnacled rune of Zot
 44129 | Slime:1  | Entered Level 1 of the Pits of Slime
 44653 | Slime:2  | Reached skill level 15 in Conjurations
 44864 | Slime:2  | Reached skill level 15 in Spellcasting
 44864 | Slime:2  | Reached skill level 15 in Fire Magic
 44864 | Slime:2  | Reached skill level 15 in Ice Magic
 45546 | Slime:1  | Offered knowledge of Lehudib's Crystal Spear by Vehumet.
 45546 | Slime:1  | Offered knowledge of Fire Storm by Vehumet.
 45546 | Slime:1  | Offered knowledge of Glaciate by Vehumet.
 46486 | Slime:3  | Noticed Dissolution
 46495 | Slime:3  | Killed Dissolution
 46495 | Slime:3  | Reached XP level 19. HP: 80/123 MP: 8/38
 48031 | Slime:5  | Entered Level 5 of the Pits of Slime
 50058 | Slime:5  | Found a viscous altar of Jiyva.
 50183 | Slime:5  | Noticed the Royal Jelly
 50310 | Slime:5  | Found the +2 cloak of the Thief {+Fog Slay-2 SInv Stlth+}
 50342 | Slime:5  | Identified the +3 rapier of the Special Nights {venom, *Corrode +Blink +Rage rPois Stlth-} (You found it on level 4 of the Shoals)
 50466 | Slime:4  | HP: 4/123 [acid (15)]
 50467 | Slime:4  | Splashed with acid

Vault maps used:
D:1:      grunt_arrival_lava_bath
D:4:      first_ration
D:5:      serial_park_tiny_pond
D:6:      gammafunk_temple_overflow_statue, temple_statues
D:7:      chequers_big_river, the_bakery
D:8:      gammafunk_temple_overflow_elements, lemuel_doored_altar, serial_shops,
          shop, uniq_grum, uniq_maurice
D:9:      led_sif_book, orc_0_dummy, unseen_surprise_small, uniq_gastronok
D:10:     erik_lair_dragon, serial_shops,
          nicolae_shop_temple_entry_statues_fountains, yredelemnul_altar_generic
D:11:     enter_bailey_2
D:12:     serial_shops, nicolae_shop_behind_doors, uniq_nergalle
D:13:     david_vaults_5, serial_shops, kennysheep_mini, shop,
          nicolae_shop_waterfront, shop, trog_ov_bears_minmay, uniq_urug,
          uniq_sonja
D:14:     minmay_misc_feat_alley, uniq_agnes
D:15:     grunt_enter_depths_hoard, serial_park_tiny_1, fedhas_altar_2
Temple:   nicolae_temple_elliptical
Lair:1:   beast_lair_carwin_large_3, st_stairs_9,
          grunt_forest_large_clearing_hut
Lair:2:   grunt_forest_stairs_clearing
Lair:3:   grunt_megastairs_4, infiniplex_staircase_pool
Lair:4:   elwin_shoals_entry_rocks, spider_nest_entry_rubble,
          roderic_carrion_pond
Lair:5:   dpeg_slime_entry_corner, grunt_forest_stairs_basic
Lair:6:   evil_forest, columned_hall_lemuel, uniq_kirke
Shoals:2: uniq_ilsuiw, uniq_louise
Shoals:3: serial_shops, shop, gammafunk_ghost_necromancy,
          nicolae_shoals_cliffside_cave, nicolae_shoals_drake_roost,
          uniq_polyphemus
Shoals:4: shoals_end_grunt_garden, serial_shops, shop
Spider:1: spider_trap
Spider:3: gammafunk_ghost_cemetery
Spider:4: grunt_spider_rune_island, hangedman_spider_tarantella_strand
Slime:3:  cheibrodos_slime_lost_civilization_3, uniq_dissolution
Orc:1:    nooodl_orcs_dogs
Orc:2:    st_orc_ogre_mass, basic_altar
Elf:1:    eino_elf_arrival_altar, serial_shops, shop, nicolae_shop_statue_plus,
          minmay_elf_crystal_heptagon

Skill      XL: |  1  2  3  4  5  6  7  8  9 10 11 12 13 14 15 16 17 18 19 |
---------------+----------------------------------------------------------+-----
Conjurations   | 1 2 3 4 5 6 8 9 10 11 12 13 14 15 | 15.9
Spellcasting   | 3 4 5 6 7 9 10 11 12 13 14 15 | 15.9
Fire Magic     | 3 4 5 6 8 9 10 11 12 13 14 15 | 15.9
Ice Magic      | 2 6 9 11 12 13 14 15 | 15.9
Shields        | 4 |  4.0
Fighting       | 2 4 |  4.0
Dodging        | 2 |  2.3
Stealth        | |  1.5

Action                   |  1- 3 |  4- 6 |  7- 9 | 10-12 | 13-15 | 16-18 | 19-21 || total
-------------------------+-------+-------+-------+-------+-------+-------+-------++-------
Melee: Staff             |       |     1 |    26 |    53 |    32 |     5 |     5 ||   122
       Halberd           |       |       |    20 |       |       |       |       ||    20
 Fire: Hunting sling     |    43 |    35 |    23 |       |       |       |       ||   101
 Cast: Flame Tongue      |    36 |    41 |   110 |     6 |    23 |       |       ||   216
       Conjure Flame     |     3 |     7 |     4 |     8 |       |       |       ||    22
       Sticky Flame      |       |     7 |    30 |    35 |    20 |     8 |       ||   100
       Fireball          |       |       |    10 |   164 |   451 |    70 |     1 ||   696
       Freeze            |       |       |       |    57 |     2 |       |       ||    59
       Bolt of Cold      |       |       |       |       |    13 |    12 |       ||    25
       Ozocubu's Refrige |       |       |       |       |     5 |     3 |       ||     8
       Bolt of Fire      |       |       |       |       |       |   533 |   163 ||   696
       Blink             |       |       |       |       |       |     6 |       ||     6
 Abil: Evoke Flight      |       |       |       |     2 |       |     2 |       ||     4
Evoke: Wand              |       |       |       |    16 |     1 |    20 |     5 ||    42
       Phial of floods   |       |       |       |       |       |     1 |       ||     1
  Use: Scroll            |     4 |     2 |     6 |    13 |     6 |    20 |     2 ||    53
Armor: Robe              |     3 |     5 |    50 |    69 |    22 |    55 |    34 ||   238
Dodge: Dodged            |    11 |    19 |   126 |   106 |    63 |    70 |    31 ||   426
Block: Buckler           |       |       |       |     5 |    25 |    66 |    13 ||   109
       Shield            |       |       |       |     2 |       |       |       ||     2
       Reflection        |       |       |       |       |       |     3 |       ||     3

Table legend:
 A = Spawn XP
 B = Non-spawn XP
 C = Spawn XP percentage of total XP
 D = Spawn monster count
 E = Non-spawn monster count
 F = Spawn count percentage of total count
 G = Total turns spent on level
                    A         B        C        D         E        F      G
               +---------+---------+-------+---------+---------+-------+---------
         Total |       0 |  447491 |   0.0 |       0 |    1209 |   0.0 | 50467
               +---------+---------+-------+---------+---------+-------+---------
           D:1 |       0 |      29 |   0.0 |       0 |       9 |   0.0 |   891
           D:2 |       0 |      74 |   0.0 |       0 |      12 |   0.0 |   828
           D:3 |       0 |      44 |   0.0 |       0 |      19 |   0.0 |   598
           D:4 |       0 |     412 |   0.0 |       0 |      14 |   0.0 |  1048
           D:5 |       0 |     383 |   0.0 |       0 |      14 |   0.0 |  1318
           D:6 |       0 |     930 |   0.0 |       0 |      19 |   0.0 |  1495
           D:7 |       0 |    1840 |   0.0 |       0 |      29 |   0.0 |  2572
           D:8 |       0 |    3750 |   0.0 |       0 |      38 |   0.0 |  1920
           D:9 |       0 |    3611 |   0.0 |       0 |      34 |   0.0 |  1529
          D:10 |       0 |    4569 |   0.0 |       0 |      26 |   0.0 |  2195
          D:11 |       0 |    8704 |   0.0 |       0 |      46 |   0.0 |  2033
          D:12 |       0 |    4716 |   0.0 |       0 |      14 |   0.0 |   644
          D:13 |       0 |    9070 |   0.0 |       0 |      28 |   0.0 |  1381
          D:14 |       0 |    6260 |   0.0 |       0 |      18 |   0.0 |  1065
          D:15 |       0 |    8715 |   0.0 |       0 |      25 |   0.0 |  1018
        Lair:1 |       0 |    6720 |   0.0 |       0 |      27 |   0.0 |  1348
        Lair:2 |       0 |    2946 |   0.0 |       0 |      11 |   0.0 |   833
        Lair:3 |       0 |    6461 |   0.0 |       0 |      17 |   0.0 |  1021
        Lair:4 |       0 |    7014 |   0.0 |       0 |      30 |   0.0 |  2149
        Lair:5 |       0 |   10829 |   0.0 |       0 |      31 |   0.0 |  1029
        Lair:6 |       0 |   29158 |   0.0 |       0 |      77 |   0.0 |  1973
      Shoals:1 |       0 |    9250 |   0.0 |       0 |      19 |   0.0 |  2124
      Shoals:2 |       0 |   16068 |   0.0 |       0 |      26 |   0.0 |   451
      Shoals:3 |       0 |   27681 |   0.0 |       0 |      53 |   0.0 |  1584
      Shoals:4 |       0 |   29841 |   0.0 |       0 |      49 |   0.0 |  1541
      Spider:1 |       0 |   15303 |   0.0 |       0 |      54 |   0.0 |  1264
      Spider:2 |       0 |   17366 |   0.0 |       0 |      39 |   0.0 |  1652
      Spider:3 |       0 |   16541 |   0.0 |       0 |      40 |   0.0 |  1129
      Spider:4 |       0 |   38933 |   0.0 |       0 |      86 |   0.0 |  2233
       Slime:1 |       0 |   13402 |   0.0 |       0 |      19 |   0.0 |   441
       Slime:2 |       0 |    9974 |   0.0 |       0 |      19 |   0.0 |  1397
       Slime:3 |       0 |   44178 |   0.0 |       0 |      40 |   0.0 |  1758
       Slime:4 |       0 |   22446 |   0.0 |       0 |      50 |   0.0 |  1770
       Slime:5 |       0 |   39290 |   0.0 |       0 |      52 |   0.0 |   972
         Orc:1 |       0 |    3386 |   0.0 |       0 |      47 |   0.0 |  1628
         Orc:2 |       0 |   21891 |   0.0 |       0 |      69 |   0.0 |  1360
         Elf:1 |       0 |    5706 |   0.0 |       0 |       9 |   0.0 |   213
               +---------+---------+-------+---------+---------+-------+---------
